 Dungeon Crawl Stone Soup version 0.22-a0-422-g9628fc8 (webtiles) character file.

270 Borgoz the Skirmisher (level 6, 0/39 HPs)
             Began as a Gargoyle Abyssal Knight on May 18, 2018.
             Was a Priest of Lugonu.
             Slain by an adder zombie (2 damage)
             ... in an ossuary.
             The game lasted 00:05:58 (4170 turns).

Borgoz the Skirmisher (Gargoyle Abyssal Knight)     Turns: 4170, Time: 00:05:59

Health: 0/39       AC:  7    Str: 21    XL:     6   Next: 22%
Magic:  8/8        EV: 12    Int: 12    God:    Lugonu [***...]
Gold:   219        SH:  0    Dex: 11    Spells: 5/5 levels left

rFire    . . .     SeeInvis .   a - +1 mace
rCold    . . .     Gourm    .   (no shield)
rNeg     + . .     Faith    +   b - +0 leather armour
rPois    ∞         Spirit   .   (no helmet)
rElec    +         Reflect  .   (no cloak)
rCorr    .         Harm     .   (no gloves)
MR       .....                  (no boots)
Stlth    +.........             r - amulet of faith (curse)
HPRegen  0.13/turn              (no ring)
MPRegen  0.11/turn              (no ring)

@: mighty
A: negative energy resistance 1, electricity resistance, unbreathing,
petrification resistance, rot immunity, AC +4
a: Depart the Abyss, Bend Space, Banish, Renounce Religion


You were in an ossuary.
You worshipped Lugonu.
Lugonu was most pleased with you.
You were not hungry.

You visited 1 branch of the dungeon, and saw 5 of its levels.
You visited the Abyss 1 time.
You also visited: Ossuary.

You collected 219 gold pieces.

Inventory:

Hand Weapons
 a - a +1 mace (weapon)
Armour
 b - a +0 leather armour (worn)
Jewellery
 g - an uncursed amulet of the gourmand
 r - a cursed amulet of faith (around neck)
 w - an uncursed ring of protection from cold {unknown}
Scrolls
 d - 3 scrolls of teleportation
 e - 2 scrolls of immolation
 j - 2 scrolls of random uselessness
 l - 2 scrolls of enchant weapon {unknown}
 o - a scroll of remove curse {unknown}
 s - a scroll of fog {unknown}
Potions
 f - a potion of magic
 m - a potion of ambrosia {unknown}
 n - a potion of berserk rage {unknown}
 p - 3 potions of lignification {unknown}
 u - a potion of degeneration {unknown}
Comestibles
 c - 9 rations
 v - 7 chunks of flesh


   Skills:
 + Level 4.3 Fighting
 + Level 3.3 Maces & Flails
 + Level 3.6 Armour
 + Level 2.2 Dodging
 + Level 3.5 Invocations


You had 5 spell levels left.
You didn't know any spells.
Your spell library was empty.

Dungeon Overview and Level Annotations

Branches:
Dungeon (5/15)             Temple (0/1) D:5

Altars:
Hepliaklqana
Qazlal

Annotations:
D:5 Verendum's ghost, novice TeMo


Innate Abilities, Weirdness & Mutations

You are resistant to torment.
Your stone body is resilient. (AC +4)
You are immune to poison.
You resist negative energy. (rN+)
You are resistant to electric shocks. (rElec)
You can survive without breathing.
You are immune to petrification.
You are immune to rotting.


Message History

The goblin zombie hits you but does no damage.
The orc zombie closely misses you. The jackal zombie closely misses you.
The adder zombie misses you.
The goblin zombie hits you but does no damage.
The orc zombie barely misses you.
The adder zombie bites you but does no damage.
The jackal zombie barely misses you. The adder zombie bites you.
* * * LOW HITPOINT WARNING * * *
A mummy comes into view.
The jackal zombie barely misses you.
Found a gate leading back out of this place.
The adder zombie bites you.
* * * LOW HITPOINT WARNING * * *
There is a gate leading back out of this place here.
Okay, then.
You sock the adder zombie!
The adder zombie is severely damaged.
The adder zombie bites you.
You die...

..................
..................
...............#
........Z..Z...##.
..........Z.......
..........Z..M....
.....#####Z.......
........Z.........
.......@Z.........
##################


You could see a mummy, an adder zombie, a jackal zombie and a goblin zombie.

Vanquished Creatures
  A hound (D:3)
  An iguana (D:4)
  3 hound zombies (Ossuary)
  Robin (D:3)
  4 adders
  3 worms (D:2)
  4 dart slugs (D:2)
  5 leopard geckos
  2 orcs (D:3)
  4 giant cockroaches
  8 hobgoblins
  9 jackals
  4 quokkas
  A ball python (D:3)
  7 bats
  6 frilled lizards
  20 goblins
  7 kobolds
  A quokka skeleton (D:4)
  10 rats
  2 rat zombies (Ossuary)
103 creatures vanquished.

Notes
Turn   | Place    | Note
-------+----------+-------------------------------------------
     0 | Abyss:1  | Borgoz the Gargoyle Abyssal Knight began the quest for the Orb.
     0 | Abyss:1  | Reached XP level 1. HP: 14/14 MP: 2/2
    39 | Abyss:1  | Noticed an efreet
    41 | D:1      | Escaped the Abyss
   254 | D:1      | Reached * piety under Lugonu
   254 | D:1      | Reached skill level 1 in Dodging
   254 | D:1      | Reached XP level 2. HP: 12/19 MP: 3/3
   982 | D:2      | Found a stormy altar of Qazlal.
  1027 | D:2      | Reached XP level 3. HP: 9/23 MP: 4/4
  1531 | D:2      | HP: 1/24 [worm (4)]
  1532 | D:2      | Reached XP level 4. HP: 2/29 MP: 5/5
  2499 | D:3      | Reached XP level 5. HP: 33/33 MP: 7/7
  2533 | D:3      | Reached ** piety under Lugonu
  2533 | D:3      | Reached skill level 4 in Fighting
  3085 | D:3      | Noticed Robin
  3162 | D:3      | Killed Robin
  3347 | D:3      | Reached *** piety under Lugonu
  3835 | D:4      | Found a hazy altar of Hepliaklqana.
  3950 | D:4      | Noticed a phantom
  4013 | D:5      | Entered Level 5 of the Dungeon
  4020 | D:5      | Reached XP level 6. HP: 6/38 MP: 8/8
  4062 | D:5      | Noticed an ice beast
  4067 | D:5      | Noticed Verendum's ghost (novice TeMo)
  4121 | D:5      | Found a sand-covered staircase.
  4130 | Ossuary  | Entered an ossuary
  4170 | Ossuary  | Slain by an adder zombie

Vault maps used:
D:1:      minmay_arrival_statue_studded, moated_statue
D:2:      serial_park_tiny_pond, hangedman_abyss_or_decor_lesser_grid,
          minmay_stone_trees_small, grunt_qazlal_sundering
D:3:      kennysheep_goblin_castle
D:4:      kennysheep_little_box, serial_bayou_pond_e
D:5:      minmay_temple_entry_mist, enter_ossuary_3, first_ration,
          uniq_blork_the_orc
Ossuary:  ossuary_minmay_tomb_2a

Skill      XL: |  1  2  3  4  5 |
---------------+----------------+-----
Dodging        | 1 2 |  2.2
Armour         | 3 |  3.6
Fighting       | 4 |  4.3
Invocations    | 3 |  3.5
Maces & Flails | 3 |  3.3

Action                   |  1- 3 |  4- 6 || total
-------------------------+-------+-------++-------
Melee: Mace              |   139 |   292 ||   431
Invok: Depart the Abyss  |     1 |       ||     1
  Use: Scroll            |       |     7 ||     7
       Potion            |       |     4 ||     4
  Eat: Chunk             |    10 |     5 ||    15
Armor: Leather armour    |    75 |   217 ||   292
Dodge: Dodged            |   113 |   382 ||   495

Table legend:
 A = Spawn XP
 B = Non-spawn XP
 C = Spawn XP percentage of total XP
 D = Spawn monster count
 E = Non-spawn monster count
 F = Spawn count percentage of total count
 G = Total turns spent on level
                    A         B        C        D         E        F      G
               +---------+---------+-------+---------+---------+-------+---------
         Total |       0 |     387 |   0.0 |       0 |     103 |   0.0 |  4170
               +---------+---------+-------+---------+---------+-------+---------
           D:1 |       0 |      17 |   0.0 |       0 |      14 |   0.0 |   744
           D:2 |       0 |      82 |   0.0 |       0 |      28 |   0.0 |  1532
           D:3 |       0 |     173 |   0.0 |       0 |      46 |   0.0 |  1132
           D:4 |       0 |      46 |   0.0 |       0 |       6 |   0.0 |   564
           D:5 |       0 |       7 |   0.0 |       0 |       4 |   0.0 |   117
       Ossuary |       0 |      62 |   0.0 |       0 |       5 |   0.0 |    40
               +---------+---------+-------+---------+---------+-------+---------
